 Dungeon Crawl Stone Soup version 0.30.1-3-gfc49f6343a (webtiles) character file.

Game seed: 12764910708505461840

1215 Woods the Conjurer (level 8, -2/51 (57) HPs)
             Began as a Green Draconian Conjurer on Aug 8, 2023.
             Was an Elder of Sif Muna.
             Slain by a wight
             ... wielding a +0 great sword
              (16 damage)
             ... on level 6 of the Dungeon.
             The game lasted 00:13:36 (7134 turns).

Woods the Conjurer (Green Draconian Conjurer)       Turns: 7134, Time: 00:13:36

HP:   -2/51 (57)    AC:  7    Str:  9    XL:     8   Next: 22%
MP:   12/16         EV: 13    Int: 22    God:    Sif Muna [****..]
Gold: 222           SH:  0    Dex:  9    Spells: 8/18 levels left

rFire   . . .        (no weapon)
rCold   . . .        (no shield)
rNeg    . . .        (body armour unavailable)
rPois   +            (helmet restricted)
rElec   .            x - +0 cloak
rCorr   .            (no gloves)
SInv    .            (no boots)
Will    .....        B - amulet of New Discoveries {RegenMP Stlth+}
Stlth   +++          (no ring)
HPRegen 0.28/turn    (no ring)
MPRegen 0.55/turn

%: no passive effects
@: heavily drained
A: breathe noxious fumes, AC +6, unfitting armour, poison resistance,
cold-blooded
a: Breathe Noxious Fumes, Renounce Religion, Channel Magic, Forget Spell, Divine
Exegesis


You were on level 6 of the Dungeon.
You worshipped Sif Muna.
Sif Muna was greatly pleased with you.
You visited 1 branch of the dungeon, and saw 6 of its levels.
You also visited: Ossuary.

You collected 222 gold pieces.

Inventory:

Missiles
 j - 2 throwing nets
Armour
 x - a +0 cloak (worn)
Jewellery
 c - an amulet of reflection
 B - the amulet of New Discoveries (around neck) {RegenMP Stlth+}
   (You found it on level 5 of the Dungeon)

   [amulet of magic regeneration]

   It increases your rate of magic regeneration.
   Stlth:     It makes you more stealthy.
Wands
 i - a wand of light (7)
 m - a wand of iceblast (5)
 w - a wand of digging (1)
 C - a wand of charming (4)
Scrolls
 a - 5 scrolls of identify {unknown}
 d - a scroll of enchant armour {unknown}
 e - a scroll of silence {unknown}
 k - a scroll of vulnerability {unknown}
 l - a scroll of poison {unknown}
 n - 2 scrolls of amnesia {unknown}
 p - 2 scrolls of fog {unknown}
 r - a scroll of acquirement {unknown}
 s - a scroll of fear {unknown}
 t - 3 scrolls of enchant weapon {unknown}
 y - a scroll of noise {unknown}
Potions
 b - 2 potions of mutation {unknown}
 f - 3 potions of might {unknown}
 g - a potion of attraction {unknown}
 h - 4 potions of curing {unknown}
 o - 4 potions of resistance {unknown}
 q - 4 potions of brilliance {unknown}
 u - 2 potions of haste {unknown}
 v - 2 potions of ambrosia {unknown}
 z - a potion of heal wounds {unknown}
 A - 2 potions of flight {unknown}
 D - 2 potions of degeneration {unknown}


   Skills:
 - Level 5.0 Dodging
 - Level 4.0 Stealth
 + Level 5.9 Spellcasting
 - Level 6.0 Conjurations


You had 8 spell levels left.
You knew the following spells:

 Your Spells              Type           Power      Damage    Failure   Level
a - Magic Dart            Conj           100%       1d8       1%          1
b - Searing Ray           Conj           64%        2d6       1%          2
c - Dazzling Flash        Conj/Hex       38%        N/A       9%          3
d - Fulminant Prism       Conj/Hex       9%         3d7       26%         4

Your spell library contained the following spells:

 Spells                   Type           Power      Damage    Failure   Level
 Slow                     Hex            24%        N/A       10%         1
 Iskenderun's Mystic Bla  Conj/Tloc      19%        2d6       26%         4
 Confusing Touch          Hex            6%         N/A       28%         3
 Vampiric Draining        Necr           6%         2d6       28%         3


Dungeon Overview and Level Annotations

Branches:
Dungeon (6/15)             Temple (0/1) D:5         Ossuary (visited)

Altars:
Cheibriados
Kikubaaqudgha
Okawaru
Qazlal
Sif Muna

Shops:
D:4 [


Innate Abilities, Weirdness & Mutations

You can breathe blasts of noxious fumes.
Your lurid green scales are hard. (AC +6)
You cannot fit into any form of body armour.
Your system is resistant to poisons. (rPois)
You are cold-blooded and may be slowed by cold attacks.


Message History

Press: ? - help, Shift-Dir - straight line, f - wight
Aim: a wight, wielding a +0 great sword and wearing a +0 robe (81% to hit)
The searing ray hits the wight.
The wight is lightly damaged. (Press . to maintain the ray.)
The wight barely misses you.
The searing ray misses the wight.
The wight hits you with a +0 great sword!
The searing ray hits the wight!
The wight is heavily damaged.
The wight misses you.
The searing ray misses the wight.
You finish channelling your searing ray.
The wight hits you with a +0 great sword!
You feel drained. The wight closely misses you.
The wight attacks as you move away! The wight misses you.
Casting: Searing Ray (safe; 1% risk of failure)
Confirm with . or Enter, or press ? or * to list all spells.
The spell is quite dangerous to miscast (26% risk of failure)!
Continue anyway?
Aiming: Fulminant Prism (quite dangerous; 26% risk of failure)
Press: ? - help, Dir - move target, p - wight
Okay, then.
The wight attacks as you move away!
The wight hits you with a +0 great sword.
* * * LOW HITPOINT WARNING * * *
You feel drained.
* * * LOW HITPOINT WARNING * * *
The wight attacks as you move away! The wight barely misses you.
Casting: Fulminant Prism (quite dangerous; 26% risk of failure)
Confirm with . or Enter, or press ? or * to list all spells.
The spell is quite dangerous to miscast (26% risk of failure)!
Continue anyway?
Aiming: Fulminant Prism (quite dangerous; 26% risk of failure)
Press: ? - help, Dir - move target, p - wight You conjure a prism of explosive energy!
A fulminant prism comes into view.
The wight completely misses you. The wight attacks as you move away!
The wight hits you with a +0 great sword!
You die...

#. #.###....
#.##### #.# #.###
#.....# #)# #.#
#####.# #)# #.#
#.# #.# #.#
#####.# #)# #.#
###.....# #.# #.#
#....z### #.# #.#
#(#...*@########.#
#..
#................#
###.....##########
#.....# ###.### #.
#. #.


You could see a wight (ally target) and a friendly fulminant prism.

Vanquished Creatures
  A black bear (D:5)
  An ogre (D:5)
  A centaur (D:5)
  2 elf zombies (Ossuary)
  A scorpion (D:4)
  2 howler monkeys (D:5)
  A centaur zombie (Ossuary)
  A human zombie (Ossuary)
  3 hounds
  2 jellies
  3 iguanas (D:5)
  A sleepcap (D:4)
  Jessica (D:2)
  Ijyb (D:5)
  3 orc wizards
  8 adders
  3 gnolls (D:2)
  4 adder zombies (Ossuary)
  4 worms
  4 dart slugs
  15 orcs
  2 bats
  A bat zombie (D:4)
  5 endoplasms
  3 giant cockroaches
  9 goblins
  4 hobgoblins
  4 jackals (D:3)
  4 quokkas
  6 ball pythons
  A frilled lizard (D:2)
  7 hobgoblin zombies (Ossuary)
  A jackal zombie (Ossuary)
  8 kobolds
  14 kobold zombies (Ossuary)
  5 orc zombies (Ossuary)
  3 rats
  3 rat zombies
142 creatures vanquished.

Notes
Turn   | Place    | Note
-------+----------+-------------------------------------------
     0 | D:1      | Woods the Draconian Conjurer began the quest for the Orb.
     0 | D:1      | Reached XP level 1. HP: 14/14 MP: 3/3
   249 | D:1      | Reached XP level 2. HP: 20/20 MP: 1/5
   252 | D:1      | Learned a level 2 spell: Searing Ray
   925 | D:2      | Noticed Jessica
   948 | D:1      | Reached XP level 3. HP: 9/26 MP: 3/6
  1029 | D:1      | Learned a level 3 spell: Dazzling Flash
  1278 | D:2      | Found an iron altar of Okawaru.
  1359 | D:2      | Found a faded altar of an unknown god.
  1363 | D:2      | Killed Jessica
  1364 | D:2      | Reached XP level 4. HP: 33/33 MP: 2/7
  1397 | D:2      | Prayed at the altar of an unknown god.
  1397 | D:2      | Became a worshipper of Sif Muna the Loreminder
  1397 | D:2      | Reached * piety under Sif Muna
  2354 | D:3      | Reached XP level 5. HP: 38/38 MP: 3/9
  2456 | D:3      | Reached ** piety under Sif Muna
  3338 | D:4      | Reached skill level 5 in Conjurations
  3344 | D:4      | Learned a level 4 spell: Fulminant Prism
  3400 | D:4      | Noticed a phantom
  3481 | D:3      | Reached XP level 6. HP: 23/45 MP: 2/10
  4056 | D:4      | Found Zuycs's Antique Armour Boutique.
  4380 | D:4      | Found an ancient bone altar of Kikubaaqudgha.
  4429 | D:5      | Entered Level 5 of the Dungeon
  4463 | D:5      | Found a sand-covered staircase.
  4470 | Ossuary  | Entered an ossuary
  5095 | Ossuary  | Reached *** piety under Sif Muna
  5518 | Ossuary  | Your scales start taking on a lurid green colour.
  5518 | Ossuary  | Reached XP level 7. HP: 50/50 MP: 3/12
  5518 | Ossuary  | Gained mutation: Your system is resistant to poisons.
                  | (rPois) [Green Draconian growth]
  5795 | D:5      | Noticed Ijyb
  5798 | D:5      | Killed Ijyb
  5804 | D:5      | Found a stormy altar of Qazlal.
  5864 | D:5      | Found a staircase to the Ecumenical Temple.
  6038 | D:5      | Reached skill level 6 in Conjurations
  6039 | D:5      | Found a snail-covered altar of Cheibriados.
  6089 | D:5      | Found a shimmering blue altar of Sif Muna.
  6428 | D:5      | Reached skill level 5 in Spellcasting
  6428 | D:5      | Reached XP level 8. HP: 57/57 MP: 8/15
  6508 | D:5      | Reached skill level 5 in Dodging
  6602 | D:5      | Identified the amulet of New Discoveries {RegenMP Stlth+}
  7040 | D:6      | Reached **** piety under Sif Muna
  7134 | D:6      | Slain by a wight

Illustrated notes

Levels and vault maps discovered:
D:1:      roderic_chinese_lattice_arrival, layout_rooms
D:2:      layout_loops_ring, shapermc_ecumenical_altar_acropolis, basic_altar,
          nicolae_grassy_gnolls, uniq_jessica
D:3:      layout_loops_corners
D:4:      layout_cave_pools, lemuel_zombie_altar_kikubaaqudgha, serial_shops,
          shop, columned_hall_lemuel
D:5:      layout_basic, nicolae_qazlal_general_emergency,
          mainiacjoe_overflow_boulevard, nicolae_overflow_crystal_walls,
          minmay_temple_entry_gardened_gates, nicolae_ossuary_entry_plus,
          serial_bayou_pond_a, uniq_ijyb
D:6:      layout_loops_ring, nemelex_xobeh_ov_fountains_minmay

Skill      XL: |  1  2  3  4  5  6  7  8 |
---------------+-------------------------+-----
Stealth        | 2 3 4 |  4.0
Dodging        | 2 3 4 5 |  5.0
Spellcasting   | 3 5 |  5.9
Conjurations   | 5 6 |  6.0

Action                     |  1- 3 |  4- 6 |  7- 9 || total
---------------------------+-------+-------+-------++-------
  Melee: Unarmed           |    31 |    38 |    22 ||    91
         Tailslap          |     4 |    10 |     2 ||    16
         Punch             |     1 |       |       ||     1
   Cast: Magic Dart        |    51 |   123 |    23 ||   197
         Searing Ray       |     3 |    35 |    19 ||    57
         Fulminant Prism   |       |       |     1 ||     1
Ability: Breathe Noxious F |       |       |     9 ||     9
    Use: Potion            |     1 |       |       ||     1
 Armour: Skin              |     9 |    35 |    11 ||    55
  Dodge: Dodged            |    24 |    71 |    29 ||   124
  Block: Other             |    10 |    20 |     4 ||    34
